 Dungeon Crawl Stone Soup version 0.21-a0-140-g479285b (webtiles) character file.

77 Banto the Charmwright (level 4, -2/33 HPs)
             Began as a Demonspawn Skald on July 21, 2017.
             Slain by Sigmund
             ... wielding a cursed -2 scythe
              (9 damage)
             ... on level 2 of the Dungeon.
             The game lasted 00:02:15 (1785 turns).

Banto the Charmwright (Demonspawn Skald)            Turns: 1785, Time: 00:02:16

Health: -2/33      AC:  5    Str: 11    XL:     4   Next: 13%
Magic:  5/7        EV: 11    Int: 16    God:
Gold:   124        SH:  0    Dex: 12    Spells: 6/7 levels left

rFire    . . .     SeeInvis .   a - +0 short sword
rCold    . . .     Gourm    +   (no shield)
rNeg     . . .     Faith    .   b - +0 leather armour
rPois    .         Spirit   .   l - +0 helmet
rElec    .         Reflect  .   (no cloak)
rCorr    .         Harm     .   e - +0 pair of gloves
MR       .....                  (no boots)
Stlth    +.........             o - amulet of the gourmand
HPRegen  0.11/turn              (no ring)
MPRegen  0.10/turn              (no ring)

@: infused
A: foul stench 1, rot immunity
a: no special abilities


You were on level 2 of the Dungeon.
You were not hungry.

You visited 1 branch of the dungeon, and saw 2 of its levels.

You collected 124 gold pieces.

Inventory:

Hand Weapons
 a - a +0 short sword (weapon)
Missiles
 n - 4 javelins (quivered)
Armour
 b - a +0 leather armour (worn)
 e - a +0 pair of gloves (worn)
 l - a +0 helmet (worn)
Jewellery
 o - an amulet of the gourmand (around neck)
Scrolls
 f - 2 scrolls of identify
 h - a scroll of recharging {unknown}
 i - a scroll of magic mapping {unknown}
 j - a scroll of teleportation {unknown}
Potions
 k - a potion of lignification
 m - a potion of cancellation
 p - 3 potions of curing {unknown}
Books
 c - a book of Battle

   Spells                             Type                      Level
   a - Infusion                       Charms                       1
   b - Shroud of Golubria             Charms/Translocation         2
   c - Song of Slaying                Charms                       2
   d - Spectral Weapon                Hexes/Charms                 3
   e - Regeneration                   Charms/Necromancy            3
Comestibles
 d - a bread ration


   Skills:
 - Level 2.0 Fighting
 + Level 2.9 Short Blades
 - Level 0.8 Armour
 - Level 1.7 Dodging
 - Level 2.0 Spellcasting
 + Level 3.8 Charms


You had 6 spell levels left.
You knew the following spells:

 Your Spells              Type           Power        Failure   Level  Hunger
a - Infusion              Chrm           ##..         5%          1    #......


Dungeon Overview and Level Annotations

Branches:
Dungeon (2/15)

Altars:

Annotations:
D:2 Sigmund


Innate Abilities, Weirdness & Mutations

You may emit foul miasma when damaged in melee.
You are immune to rotting.


Message History

The goblin barely misses you.
Things that are here:
a club; a robe; a fizzy inky potion You hit the goblin.
You kill the goblin!
Something hits you!
You take 8 damage, and have 25/33 hp.
MASSIVE DAMAGE!!
You now have 4/7 mp.
Something hits you!
You emit a cloud of foul miasma!
Things that are here:
a sedimented grey potion; a goblin corpse You take 7 damage, and have 18/33 hp.
MASSIVE DAMAGE!!
You closely miss something. You barely miss something. Something hits you.
You take 3 damage, and have 15/33 hp.
You miss something. You barely miss something. Something hits you!
* * * LOW HITPOINT WARNING * * *
You take 8 damage, and have 7/33 hp.
MASSIVE DAMAGE!!
You closely miss something. Something hits you!
You die...

#.##..### #.....g.#
#..####.# #..# #.#
#..# #.#
#..####.###.####...
#..................
##{####.#.######...
#@# #.#.#.. .....
#)# #.#.#.# #...
#.# #.#.#.# #...
#.# #.#.#.######.
#.# #.#.#.##.....
##.####........#.##
#...g.....#.####.#
##.######.#.####.##
### #.........(


There were no monsters in sight!

Vanquished Creatures
  Robin (D:1)
  2 adders (D:2)
  A leopard gecko (D:1)
  3 bats
  13 goblins
  8 hobgoblins
  6 jackals (D:1)
  A ball python (D:1)
  A frilled lizard (D:1)
  2 kobolds (D:2)
  5 rats
43 creatures vanquished.

Notes
Turn   | Place    | Note
-------+----------+-------------------------------------------
     0 | D:1      | Banto the Demonspawn Skald began the quest for the Orb.
     0 | D:1      | Reached XP level 1. HP: 16/16 MP: 3/3
   639 | D:1      | Reached skill level 3 in Charms
   651 | D:1      | Gained mutation: You are immune to rotting. [demonic ancestry]
   651 | D:1      | Reached XP level 2. HP: 15/22 MP: 0/5
  1081 | D:2      | Noticed Robin
  1096 | D:2      | Reached XP level 3. HP: 15/27 MP: 1/6
  1328 | D:1      | Killed Robin
  1664 | D:2      | Gained mutation: You may emit foul miasma when damaged in melee. [demonic ancestry]
  1664 | D:2      | Reached XP level 4. HP: 33/33 MP: 4/7
  1692 | D:2      | Noticed Sigmund
  1785 | D:2      | Slain by Sigmund

Vault maps used:
D:1:      dpeg_arrival_arbitrary_c
D:2:      first_bread, minmay_tromino_v4_b, uniq_sigmund, uniq_robin

Skill      XL: |  1 |
---------------+----+-----
Short Blades   | 2 |  2.9
Charms         | 3 |  3.8
Fighting       | |  2.0
Armour         | |  0.8
Dodging        | |  1.7
Spellcasting   | |  2.0

Action                   |  1- 3 |  4- 6 || total
-------------------------+-------+-------++-------
Melee: Short sword       |   137 |    10 ||   147
 Cast: Infusion          |     7 |     2 ||     9
  Use: Scroll            |     2 |       ||     2
  Eat: Chunk             |     6 |     1 ||     7
Armor: Leather armour    |    49 |     1 ||    50
Dodge: Dodged            |    87 |     4 ||    91

Table legend:
 A = Turns spent in this place as a percentage of turns spent in the entire game.
 B = Non-inter-level travel turns spent in this place as a percentage of non-inter-level travel turns spent in the entire game.
 C = Inter-level travel turns spent in this place as a percentage of turns spent in this place.
 D = Turns resting spent in this place as a percentage of non-inter-level travel turns spent in this place.
 E = Turns spent auto-exploring this place as a percentage of non-inter-level travel turns spent in this place.
 F = Non-inter-level travel turns spent in this place divided by the number of levels of this place that you've seen.
                   A       B       C       D       E      F
               +-------+-------+-------+-------+-------+----------------------
         Total | 100.0 | 100.0 |   0.2 |   2.7 |   9.9 | 257.0
       Dungeon | 100.0 | 100.0 |   0.2 |   2.7 |   9.9 | 257.0
               +-------+-------+-------+-------+-------+----------------------

Table legend:
 A = Kills in this place as a percentage of kills in entire the game.
 B = Kills by you in this place as a percentage of kills by you in the entire game.
 C = Kills by friends in this place as a percentage of kills by friends in the entire game.
 D = Other kills in this place as a percentage of other kills in the entire game.
 E = Experience gained in this place as a percentage of experience gained in the entire game.
 F = Experience gained in this place divided by the number of levels of this place that you have seen.
                   A       B       C       D       E      F
               +-------+-------+-------+-------+-------+----------------------
         Total | 100.0 | 100.0 |  -nan |  -nan | 100.0 |  55.0
       Dungeon | 100.0 | 100.0 |  -nan |  -nan | 100.0 |  55.0
               +-------+-------+-------+-------+-------+----------------------
